 Dungeon Crawl Stone Soup version 0.32-a0-12-g7fc57aa741 (webtiles) character file.

Game seed: 13913058182688155287

102 Ofeo the Slasher (level 4, 0/33 HPs)
             Began as a Demonspawn Warper on Jan 15, 2024.
             Slain by an orc
             ... wielding a +0 falchion
              (6 damage)
             ... on level 4 of the Dungeon on Jan 17, 2024.
             The game lasted 00:02:53 (2806 turns).

Ofeo the Slasher (Demonspawn Warper)                Turns: 2806, Time: 00:02:53

Health: 0/33       AC:  3    Str: 11    XL:     4   Next: 50%
Magic:  7/7        EV: 11    Int: 14    God:
Gold:   169        SH:  0    Dex: 14    Spells: 7/7 levels left

rFire   . . .        a - +0 falchion
rCold   . . .        (no shield)
rNeg    + . .        b - +0 leather armour
rPois   .            (no helmet)
rElec   .            (no cloak)
rCorr   .            (no gloves)
SInv    .            (no boots)
Will    .....        (no amulet)
Stlth   +            p - ring of positive energy
HPRegen 0.25/turn    (no ring)
MPRegen 0.10/turn

%: no passive effects
@: no status effects
A: condensation shield, demonic magic 1
a: no special abilities


You were on level 4 of the Dungeon.
You visited 1 branch of the dungeon, and saw 4 of its levels.

You collected 169 gold pieces.

Inventory:

Hand Weapons
 a - a +0 falchion (weapon)
Missiles
 d - 7 darts of dispersal
 g - 7 poisoned darts (quivered)
Armour
 b - a +0 leather armour (worn)
Magical Staves
 f - a staff of fire
Jewellery
 p - a ring of positive energy (left hand)
Wands
 o - a wand of roots (12)
Scrolls
 c - 3 scrolls of blinking {@r4}
 e - a scroll of poison
 i - 3 scrolls of identify {@r1}
 l - a scroll of amnesia
 m - a scroll of teleportation {@r3}
 r - a scroll of enchant weapon {unknown}
Potions
 h - 2 potions of invisibility {unknown}
 j - a potion of brilliance {unknown}
 k - 2 potions of berserk rage {unknown}
 n - a potion of haste {unknown}
 q - 3 potions of curing {@q1}


   Skills:
 - Level 2.0 Fighting
 + Level 4.4 Long Blades
 - Level 0.8 Throwing
 - Level 0.8 Armour
 - Level 1.7 Dodging
 - Level 2.0 Spellcasting
 - Level 2.6 Translocations


You had 7 spell levels left.
You didn't know any spells.
Your spell library contained the following spells:

 Spells                   Type           Power      Damage    Failure   Level
 Blink                    Tloc           16%        N/A       16%         2
 Lesser Beckoning         Tloc           16%        N/A       16%         2
 Teleport Other           Tloc           8%         N/A       30%         3
 Sublimation of Blood     Necr           1%         N/A       43%         2
 Manifold Assault         Tloc           8%         N/A       71%         4
 Vhi's Electric Charge    Tloc/Air       10%        N/A       87%         4
 Petrify                  Alch/Erth      1%         N/A       97%         4
 Irradiate                Conj/Alch      0%         3d11      100%        5


Dungeon Overview and Level Annotations

Branches:
Dungeon (4/15)
 Temple: D:4-7

Altars:
Dithmenos
Fedhas


Innate Abilities, Weirdness & Mutations

A meltable shield of frost defends you. (SH +0)
Spells you cast may paralyse adjacent enemies.


Message History

You bump into the rock wall.
You bump into the rock wall.
You hear some strange, mumbled words.
You are more confused.
The orc barely misses you.
You bump into the rock wall.
Something hits you. The orc hits you with a +0 short sword.
You take 3 damage, and have 30/33 hp.
You miss the orc. Something hits you but does no damage.
The orc hits you with a +0 short sword.
You take 3 damage, and have 27/33 hp.
You hit the orc.
The orc is moderately wounded.
You hear some strange, mumbled words.
A puff of flame appears from out of thin air!
The puff of flame hits you!
Your condensation shield dissipates!
The orc closely misses you.
You hear some strange, mumbled words.
Something tries to affect you, but you resist.
You take 10 damage, and have 17/33 hp.
MASSIVE DAMAGE!!
You barely miss the orc.
The orc is moderately wounded.
Something hits you but does no damage.
You barely miss something. Something hits you but does no damage.
You hit something. The orc closely misses you. Something hits you.
You take 1 damage, and have 17/33 hp.
You bump into the rock wall.
The orc closely misses you. Something hits you but does no damage.
You miss the orc.
You feel less confused. The orc hits you with a +0 falchion.
Something hits you but does no damage.
You take 3 damage, and have 14/33 hp.
You hit something. The orc hits you with a +0 falchion.
* * * LOW HITPOINT WARNING * * *
Something hits you.
* * * LOW HITPOINT WARNING * * *
You take 8 damage, and have 6/33 hp.
MASSIVE DAMAGE!!
You closely miss something. The orc hits you with a +0 falchion.
You die...

.~~≈~≈~~~.≈≈≈~.......#
~~~~~.≈~≈~≈~~~.......#
..~~~~~~~~~≈.........#
~~~......~~~~........#
####.####.#..........# #
##.# #.#..........#
###..# #.#..........#
....#####.######{#####
..##......# #oo@#
#.##).....####o###
#.##.<....#>....# .
#.##.....##....o####..o.
#........##.....o...oo..
..##.....##......#.#####
..#####(.#####+#.# ..
##.# #.# #.# .# #.# #


You could see 3 orcs.

Vanquished Creatures
  Jessica (D:3)
  3 adders
  3 dart slugs
  5 orcs (D:3)
  5 ball pythons
  2 endoplasms
  2 giant cockroaches (D:1)
  4 goblins
  2 hobgoblins
  3 kobolds
  3 quokkas
  2 frilled lizards (D:1)
  4 rats
39 creatures vanquished.

Notes
Turn   | Place    | Note
-------+----------+-------------------------------------------
     0 | D:1      | Ofeo the Demonspawn Warper began the quest for the Orb.
     0 | D:1      | Reached XP level 1. HP: 16/16 MP: 3/3
    52 | D:1      | Reached skill level 2 in Long Blades
   178 | D:1      | Gained mutation: A meltable shield of frost defends you.
                  | (SH +0) [demonic ancestry]
   178 | D:1      | Reached XP level 2. HP: 16/22 MP: 5/5
  1309 | D:2      | Reached skill level 3 in Long Blades
  1357 | D:2      | Reached XP level 3. HP: 13/27 MP: 6/6
  1642 | D:2      | You fall into a shaft and drop 1 floor!
  1813 | D:3      | Noticed Jessica
  1822 | D:3      | Killed Jessica
  1823 | D:3      | Reached skill level 4 in Long Blades
  1823 | D:3      | Gained mutation: Spells you cast may paralyse adjacent
                  | enemies. [demonic ancestry]
  1823 | D:3      | Reached XP level 4. HP: 9/33 MP: 7/7
  2287 | D:3      | Found a blossoming altar of Fedhas.
  2287 | D:3      | Found a shadowy altar of Dithmenos.
  2806 | D:4      | Slain by an orc

Illustrated notes

Levels and vault maps discovered:
D:1:      evilmike_arrival_crescent, layout_basic
D:2:      layout_loops_ring, basic_altar, minmay_misc_feat_more_columns,
          minivault_27, kennysheep_generic_room_14, uniq_natasha
D:3:      layout_basic, gammafunk_temple_overflow_forgotten, uniq_jessica
D:4:      layout_basic, grunt_qazlal_clouds, mainiacjoe_overflow_catwalk,
          chequers_serial_rivers_large_a, mrwooster_statue_mirror,
          minmay_small_thing, uniq_grinder

Skill      XL: |  1  2  3 |
---------------+----------+-----
Long Blades    | 2 3 4 |  4.4
Fighting       | |  2.0
Throwing       | |  0.8
Armour         | |  0.8
Dodging        | |  1.7
Spellcasting   | |  2.0
Translocations | |  2.6

Action                     |  1- 3 |  4- 6 || total
---------------------------+-------+-------++-------
  Melee: Falchion          |    94 |    49 ||   143
         Punch             |     2 |     1 ||     3
  Throw: Dart              |     3 |       ||     3
    Use: Scroll            |     5 |     3 ||     8
         Potion            |     1 |       ||     1
 Armour: Leather armour    |    56 |    33 ||    89
  Dodge: Dodged            |    39 |    19 ||    58
  Block: Other             |     9 |     5 ||    14

Table legend: (Time is in decaauts)
 A = Elapsed time spent in this place.
 B = Non-inter-level travel time spent in this place.
 C = Inter-level travel time spent in this place.
 D = Time resting spent in this place.
 E = Time spent auto-exploring this place.
 F = Levels seen in this place.
 G = Mean time per level.
                   A        B        C        D        E       F      G
               +--------+--------+--------+--------+--------+-----+--------+
         Total |   2830 |   2771 |     59 |     94 |   2274 |   4 |  707.5 |
       Dungeon |   2830 |   2771 |     59 |     94 |   2274 |   4 |  707.5 |
               +--------+--------+--------+--------+--------+-----+--------+

Top non-repeatable levels by time:
     D:1: 1309 daAuts
     D:3: 904 daAuts
     D:2: 348 daAuts
     D:4: 268 daAuts
